Map: Magannatha LE

Players

zacke

  • Race: Protoss Protoss
  • League: Diamond
  • Spawn Location: 5:00

ManlyManMeat - Winner!

  • Race: Zerg Zerg
  • League: Diamond
  • Spawn Location: 11:00

VOD

Have the link to the VOD?

Description

Time

  • Played on: July 1, 2025, 3:27 p.m.
  • Length: 9:26
Show
View Real Time Build Order
Export as new Build Order

zacke Protoss 

Build Orders: 1 Gate Expand, Double Forge, Oracle Opening 

Get SALT Encoding   

  12  0:00  Probe  
  13  0:12  Probe  
  14  0:20  Pylon  
  14  0:24  Probe  
  15  0:38  Probe  
  15  0:40  Gateway  
  16  0:46  Probe  
  16  0:49  Assimilator  
  16  0:54  Probe  
  18  1:04  Probe  
  19  1:16  Probe  
  20  1:29  Nexus  
  20  1:37  Cybernetics Core  
  20  1:43  Assimilator  
  20  1:50  Pylon  
  20  1:51  Probe  
  21  1:59  Probe  
  21  2:07  Adept  
  21  2:08  Probe  
  22  2:14  Stargate  
  25  2:32  Gateway  
  25  2:35  Pylon  
  25  2:38  Probe  
  25  2:39  Stalker  
  28  2:46  Probe  
  28  2:50  Probe  
  28  2:51  Oracle  
  30  2:58  Probe  
  31  3:03  Probe  
  35  3:10  Probe  
  36  3:15  Probe  
  37  3:22  Probe  
  38  3:27  Probe  
  39  3:36  Oracle, Probe  
  39  3:39  Probe  
  39  3:40  Stalker  
  41  3:41  Pylon  
  41  3:43  Adept  
  41  3:48  Probe  
  49  3:52  Probe, Assimilator  
  50  4:00  Probe  
  51  4:04  Probe  
  52  4:20  Warp Gate  
  52  4:23  Probe  
  53  4:28  Stalker, Adept  
  57  4:47  Probe  
  57  4:48  Nexus  
  57  4:50  Pylon  
  57  4:51  Forge, Twilight Council  
  57  4:52  Void Ray  
  62  4:53  Forge  
  62  5:00  Gateway  
  62  5:01  Gateway  
  62  5:08  Probe x2  
  62  5:13  Pylon  
  64  5:17  Pylon  
  64  5:20  Probe x2  
  66  5:32  Probe  
  66  5:33  Shield Battery  
  67  5:46  Protoss Ground Weapons Level 1, Charge  
  67  5:52  Assimilator  
  67  5:54  Probe  
  67  5:55  Probe  
  69  6:00  Templar Archives  
  69  6:05  Gateway  
  69  6:07  Probe x2  
  69  6:10  Gateway, Pylon  
  71  6:13  Robotics Facility  
  71  6:29  Stalker x4  
  72  6:38  Pylon  
  68  6:41  Probe x3  
  68  6:44  Protoss Ground Armor Level 1  
  71  6:49  Probe x3  
  74  6:55  Psionic Storm  
  74  6:58  Probe x2  
  74  6:59  Probe  
  74  7:00  Assimilator  
  73  7:03  Assimilator, Zealot x2  
  73  7:04  Zealot x2  
  73  7:05  Pylon  
  75  7:10  Probe  
  63  7:20  Probe x2  
  59  7:23  Probe  
  60  7:30  Adept  
  60  7:31  Probe  
  60  7:33  Probe x2  
  65  7:39  Probe  
  65  7:41  Probe  
  66  7:45  Probe  
  66  7:46  High Templar  
  66  7:47  Probe  
  66  7:49  Probe  
  70  7:57  Probe x2  
  73  7:59  Probe  
  65  8:05  Probe  
  65  8:07  Probe  
  65  8:09  Probe  
  68  8:13  Probe, Photon Cannon  
  68  8:14  Photon Cannon  
  68  8:15  Probe, Shield Battery  
  70  8:21  Probe  
  70  8:25  Probe  
  66  8:27  Probe  
  66  8:32  High Templar  
  66  8:33  Probe, High Templar  
  72  8:37  Probe  
  72  8:39  Probe  
  74  8:41  Zealot x2  
  74  8:45  Probe  
  63  8:49  Probe  
  63  8:52  Probe  
  63  8:55  Photon Cannon  
  58  8:57  Probe  
  58  9:01  Probe  
  59  9:04  Probe, Zealot x2  
  59  9:09  Probe  
  65  9:13  Probe  
Show
View Real Time Build Order
Export as new Build Order

ManlyManMeat Zerg - Winner!

Build Orders: Hatch First 

Get SALT Encoding   

  12  0:00  Drone  
  13  0:08  Drone  
  14  0:15  Extractor  
  14  0:16  Drone  
  15  0:22  Overlord  
  15  0:41  Drone  
  16  0:46  Hatchery  
  16  0:49  Drone  
  16  0:54  Drone  
  18  0:57  Drone  
  18  1:09  Extractor  
  17  1:17  Spawning Pool  
  17  1:18  Drone  
  17  1:20  Drone  
  18  1:35  Drone  
  18  1:37  Drone  
  20  2:04  Queen x2  
  20  2:05  Zergling x4  
  20  2:07  Overlord  
  26  2:11  Drone x2  
  28  2:17  Metabolic Boost  
  28  2:27  Drone x2  
  30  2:39  Hatchery  
  30  2:44  Drone x2  
  30  2:47  Drone  
  30  2:49  Drone  
  33  2:57  Drone x2  
  35  3:01  Overlord  
  35  3:04  Drone  
  36  3:19  Overlord, Queen  
  38  3:20  Overlord  
  38  3:22  Drone x3  
  40  3:31  Drone x2  
  40  3:33  Extractor  
  41  3:44  Drone  
  41  3:45  Drone  
  41  3:46  Drone x2  
  45  3:51  Queen  
  45  3:55  Queen  
  49  4:07  Spore Crawler  
  42  4:14  Spore Crawler  
  41  4:18  Drone x6  
  41  4:19  Drone  
  48  4:28  Lair  
  48  4:29  Drone x2  
  48  4:30  Drone  
  51  4:33  Drone  
  51  4:34  Baneling Nest, Drone  
  52  4:46  Drone x2  
  52  4:47  Spore Crawler  
  52  4:48  Overlord x2  
  52  4:49  Overlord  
  53  4:59  Evolution Chamber  
  52  5:00  Evolution Chamber, Extractor  
  52  5:01  Drone x2  
  52  5:02  Drone x3, Extractor  
  52  5:03  Drone x2  
  52  5:04  Drone  
  57  5:11  Zergling x8  
  61  5:27  Queen  
  63  5:29  Queen  
  63  5:30  Zergling x2  
  63  5:31  Zergling x10  
  70  5:37  Zerg Melee Weapons Level 1  
  70  5:39  Centrifugal Hooks  
  70  5:42  Zergling x6  
  73  5:54  Baneling x9  
  73  5:55  Zergling x8  
  73  5:56  Zergling x2  
  78  6:04  Zerg Ground Armor Level 1  
  78  6:08  Zergling x6  
  78  6:09  Overlord  
  73  6:33  Zergling x2  
  73  6:34  Zergling x32  
  89  6:47  Hydralisk Den  
  88  7:00  Zergling x2  
  88  7:01  Zergling x2  
  90  7:13  Overlord x4  
  90  7:19  Zergling x2  
  86  7:25  Baneling x4  
  86  7:27  Hatchery  
  86  7:29  Hatchery, Muscular Augments  
  84  7:36  Baneling x6  
  84  7:38  Hatchery  
  84  7:39  Drone x5  
  84  7:42  Drone  
  89  7:55  Zergling x16  
  94  8:10  Zergling x18  
  102  8:22  Zergling x10  
  102  8:23  Zergling x4  
  102  8:26  Zergling x8  
  112  8:31  Drone x2  
  109  8:45  Hydralisk x6  
  112  9:01  Hydralisk x5  
Tags
 
Add a new tag
Caveats
  • Supply blocks, unpowered buildings, or Contaminate may cause inaccurate times.
  • Supply counts are checked every 10 seconds.